 Dungeon Crawl Stone Soup version 0.31.0-32-g396128a36d (webtiles) character file.

Game seed: 7959861128785612239

2982 Silvore the Basher (level 9, -10/81 HPs)
             Began as a Minotaur Fighter on Apr 10, 2024.
             Was a Follower of the Shining One.
             Mangled by an orc knight
             ... wielding a +0 war axe
              (27 damage)
             ... in a bailey on Apr 11, 2024.
             The game lasted 00:12:18 (5966 turns).

Silvore the Basher (Minotaur Fighter)               Turns: 5966, Time: 00:12:19

Health: -10/81     AC: 20    Str: 25    XL:     9   Next: 53%
Magic:  0/8        EV:  7    Int:  5    God:    the Shining One [*.....]
Gold:   436        SH:  0    Dex: 19    Spells: 8/8 levels left

rFire   . . .        r - +2 flail (holy)
rCold   . . .        c - +2 buckler
rNeg    . . .        e - +0 plate armour of the Louse {Dex+3}
rPois   +            (helmet restricted)
rElec   .            x - +2 cloak {rPois}
rCorr   .            h - +0 pair of gloves
SInv    .            k - +0 pair of boots
Will    .....        j - amulet of guardian spirit Stlth
                     m - +6 ring of dexterity
HPRegen 0.33/turn    (no ring)
MPRegen 0.11/turn

%: guardian spirit
@: confused, ambrosia-drunk, glowing
A: horns 2, retaliatory headbutt
a: Renounce Religion, Divine Shield


You were in a bailey.
You worshipped the Shining One.
The Shining One was aware of your devotion.
You visited 2 branches of the dungeon, and saw 8 of its levels.
You also visited: Bailey.

You collected 436 gold pieces.

Inventory:

Hand Weapons
 r - a +2 flail of holy wrath (weapon)
Missiles
 i - a throwing net (quivered)
Armour
 c - a +2 buckler (worn)
 e - the +0 plate armour of the Louse (worn) {Dex+3}
   (You found it on level 3 of the Dungeon)

   Dex+3:     It affects your dexterity (+3).
 h - a +0 pair of gloves (worn)
 k - a +0 pair of boots (worn)
 x - a +2 cloak of poison resistance (worn)
Jewellery
 b - a +6 ring of intelligence
 j - an amulet of guardian spirit (around neck)
 m - a +6 ring of dexterity (left hand)
 p - a ring of fire
Wands
 a - a wand of polymorph (9)
 l - a wand of flame (18)
Scrolls
 n - 2 scrolls of teleportation
Potions
 g - 5 potions of curing
 o - a potion of enlightenment {unknown}
 q - a potion of ambrosia
 s - a potion of brilliance {unknown}
 t - a potion of attraction {unknown}
 w - 2 potions of cancellation


   Skills:
 + Level 8.1 Fighting
 + Level 10.4 Maces & Flails
 + Level 9.0 Armour
 + Level 1.0 Dodging
 + Level 0.6 Stealth
 + Level 6.3 Shields


You had 8 spell levels left.
You didn't know any spells.
Your spell library contained the following spells:

 Spells                   Type           Power      Damage    Failure   Level
 Magic Dart               Conj           0%         1d3       100%        1
 Blink                    Tloc           0%         N/A       100%        2
 Call Imp                 Summ           0%         N/A       100%        2
 Dazzling Flash           Conj/Hex       0%         N/A       100%        3
 Volatile Blastmotes      Fire/Tloc      0%         2d10      100%        3
 Starburst                Conj/Fire      0%         6d3       100%        6
 Maxwell's Capacitive Co  Air            0%         ∞         100%        8


Dungeon Overview and Level Annotations

Branches:
Dungeon (7/15)             Temple (1/1) D:5          Bailey (1/1)

Altars:
Ashenzari
Cheibriados
Elyvilon
Fedhas
Makhleb
Nemelex Xobeh
Okawaru
Qazlal
Ru
Uskayaw
Vehumet
Xom
Yredelemnul
Zin
The Shining One
Lugonu

Shops:
D:2 ?   D:3 (   D:6 :


Innate Abilities, Weirdness & Mutations

You have a pair of horns on your head.
You reflexively headbutt those who attack you in melee.


Message History

You block the orc knight's attack. x2
You hit the orc knight but do no damage.
Your headbutt misses the orc knight.
The orc knight is lightly wounded.
An orc knight comes into view. It is wielding a +0 war axe.
The orc knight hits you with a +0 war axe!
You thump the orc knight!
You headbutt the orc knight, but do no damage.
The orc knight is moderately wounded.
The orc knight hits you with a +0 war axe!!
You block the orc knight's attack.
You hit the orc knight but do no damage.
The orc knight is moderately wounded.
You block the orc knight's attack.
The orc knight hits you with a +0 war axe!
You hit the orc knight but do no damage.
The orc knight is moderately wounded.
You block the orc knight's attack.
The orc knight roars a battlecry!
The orc knights go into a battle-frenzy!
You hit the orc knight.
You headbutt the orc knight, but do no damage.
The orc knight is moderately wounded.
The orc knight barely misses you. You furiously retaliate!
You headbutt the orc knight. You block the orc knight's attack.
Unknown command.
You hit the orc knight.
The orc knight is heavily wounded.
You block the orc knight's attack.
The orc knight hits you with a +0 war axe!
You thump the orc knight!
The orc knight is severely wounded.
The orc knight hits you with a +0 war axe!
* * * LOW HITPOINT WARNING * * *
The orc knight closely misses you.
Unknown command.
You are confused.
You feel invigorated.
The orc knight hits you with a +0 war axe!!
You die...

≈≈≈≈ ≈
≈≈≈≈≈ S
###~~~~~
~####
........
...+
..######
#..###
).#
#....#
..#
#og..#
'## ##o#
..# #o@#
..# #..#
..# #..#
..# #..#
..# #))#
#)# #)##
).# #..#
.8# #8.#
..# #..#


You could see 3 orc knights and a goblin.

Vanquished Creatures
  An orc knight (Bailey)
  The ghost of tizbic2 the Changeling, an amateur MfSh (D:3)
  The ghost of Consumeair16 the Conjurer, an amateur GnCj (D:4)
  Duvessa (D:6)
  7 orc warriors
  A black bear (D:6)
  A centaur (D:6)
  3 phantoms
  2 kobold brigands (D:6)
  2 scorpions
  Dowan (D:6)
  3 electric eels (Bailey)
  A bombardier beetle (D:6)
  3 orc priests
  A water moccasin simulacrum (D:4)
  Crazy Yiuf (D:6)
  A gnoll bouda (D:5)
  2 iguanas (D:5)
  An orc wizard (D:7)
  A bullfrog simulacrum (D:4)
  2 scorpion simulacra (D:4)
  9 gnolls
  5 adders
  A hound simulacrum (D:4)
  2 white imps
  2 ufetubi (D:6)
  A ribbon worm (D:3)
  A dart slug (D:3)
  15 orcs
  7 endoplasms
  3 giant cockroaches
  11 hobgoblins
  5 jackals
  5 ball pythons
  8 bats
  6 frilled lizards
  14 goblins
  7 kobolds
  3 rats
142 creatures vanquished.

Vanquished Creatures (others)
  A goblin (Bailey)
1 creature vanquished.

Grand Total: 143 creatures vanquished

Notes
Turn   | Place    | Note
-------+----------+-------------------------------------------
     0 | D:1      | Silvore the Minotaur Fighter began the quest for the Orb.
     0 | D:1      | Reached XP level 1. HP: 19/19 MP: 0/0
   203 | D:1      | Reached XP level 2. HP: 27/27 MP: 1/1
  1044 | D:2      | Reached XP level 3. HP: 31/34 MP: 2/2
  1211 | D:2      | Reached skill level 3 in Maces & Flails
  1376 | D:2      | Found Gekhluid's Magic Scroll Shop.
  1573 | D:2      | Reached XP level 4. HP: 39/41 MP: 3/3
  1933 | D:3      | Found a sacrificial altar of Ru.
  1949 | D:3      | Identified the +0 plate armour of the Louse {Dex+3}
  2314 | D:3      | Found Ruwesoah's Antique Weapon Shoppe.
  2441 | D:3      | Found a large runed translucent door.
  2443 | D:3      | Found a large runed translucent door.
  2446 | D:3      | Noticed tizbic2's ghost (amateur MfSh)
  2737 | D:3      | Killed tizbic2's ghost
  2738 | D:3      | Reached skill level 5 in Fighting
  2738 | D:3      | Reached skill level 4 in Maces & Flails
  2738 | D:3      | Reached skill level 5 in Armour
  2738 | D:3      | Reached XP level 5. HP: 48/48 MP: 4/4
  2738 | D:3      | Reached XP level 6. HP: 56/56 MP: 5/5
  2843 | D:4      | Noticed Consumeair16's ghost (amateur GnCj)
  2934 | D:4      | Reached skill level 5 in Maces & Flails
  3053 | D:4      | Found a runed translucent gate.
  3053 | D:4      | Found a runed translucent gate.
  3053 | D:4      | Found a runed translucent gate.
  3224 | D:4      | Killed Consumeair16's ghost
  3225 | D:4      | Reached skill level 6 in Maces & Flails
  3225 | D:4      | Reached skill level 5 in Shields
  3225 | D:4      | Reached XP level 7. HP: 57/61 MP: 6/6
  3460 | D:5      | Entered Level 5 of the Dungeon
  3590 | D:5      | Found a staircase to the Ecumenical Temple.
  3603 | D:5      | Reached skill level 7 in Maces & Flails
  3622 | Temple   | Entered the Ecumenical Temple
  3636 | Temple   | Became a worshipper of the Shining One
  3900 | D:5      | Found a stormy altar of Qazlal.
  3907 | D:5      | Found a blossoming altar of Fedhas.
  4190 | D:6      | Noticed Duvessa
  4191 | D:6      | Noticed Dowan
  4194 | D:6      | Killed Duvessa
  4195 | D:6      | Reached XP level 8. HP: 45/70 MP: 4/7
  4200 | D:6      | Killed Dowan
  4465 | D:6      | Reached skill level 8 in Maces & Flails
  4607 | D:6      | Found a radiant altar of Vehumet.
  4808 | D:6      | Reached skill level 9 in Maces & Flails
  4919 | D:6      | Found Zieck's Vocational Training.
  5042 | D:6      | Found an iron altar of Okawaru.
  5082 | D:6      | Found a runed translucent door.
  5083 | D:6      | Noticed Crazy Yiuf
  5202 | D:6      | Killed Crazy Yiuf
  5268 | D:7      | Found a burning altar of Makhleb.
  5279 | D:7      | Found a flagged portal.
  5290 | D:7      | Reached * piety under the Shining One
  5311 | Bailey   | Entered a bailey
  5423 | Bailey   | Reached XP level 9. HP: 76/79 MP: 8/8
  5760 | Bailey   | Noticed an orc knight
  5774 | Bailey   | Killed an orc knight
  5775 | Bailey   | Reached skill level 10 in Maces & Flails
  5837 | Bailey   | Reached skill level 1 in Dodging
  5953 | Bailey   | Noticed an orc knight
  5953 | Bailey   | Noticed an orc knight
  5959 | Bailey   | Noticed an orc knight
  5966 | Bailey   | Mangled by an orc knight

Illustrated notes

Levels and vault maps discovered:
D:1:      scummos_arrival_hexagon, layout_loops_corners, nicolae_titane
D:2:      wad_woods_pond, layout_loops_ring, serial_shops, shop,
          item_on_display_a
D:3:      layout_loops_ring, nicolae_ru_awakened_eye, serial_shops, shop,
          ebering_ghost_disaster_area, skrybe_limestone_x, chequers_arboretum,
          hangedman_decor_push, minmay_gold_behind_fungi
D:4:      layout_rooms, gammafunk_ghost_icy
D:5:      layout_loops_ring, grunt_temple_overflow_forces_of_nature,
          minmay_temple_entry_tees
D:6:      layout_loops_ring, mainiacjoe_overflow_boulevard, okawaru_trees_1,
          grunt_decor_cap, blue_anna_alchemist, nicolae_shop_vocational,
          uniq_crazy_yiuf_cottage, uniq_duvessa
D:7:      minmay_the_grid_triangle_9x9_recursive_2
          [minmay_the_grid_triangle_9x9_prize_top_heavy,
          minmay_the_grid_triangle_9x9_subtriangle,
          minmay_the_grid_triangle_9x9_longest,
          minmay_the_grid_triangle_9x9_thin_v], layout_loops_ring,
          nicolae_dithmenos_the_darkroom, overflow_temple_1_default,
          serial_shops, nicolae_shop_tiny_glass, enter_bailey_4, minivault_11,
          sword_in_stone, uniq_maggie
Temple:   corrupted_temple
Bailey:   bailey_axe_of_yendor_kennysheep, bailey

Skill      XL: |  1  2  3  4  5  6  7  8  9 |
---------------+----------------------------+-----
Shields        | 4 5 6 |  6.3
Armour         | 4 5 6 8 9 |  9.0
Fighting       | 4 5 6 7 8 |  8.1
Maces & Flails | 3 4 6 7 9 10 | 10.4
Dodging        | 1 |  1.0
Stealth        | |  0.6

Action                     |  1- 3 |  4- 6 |  7- 9 || total
---------------------------+-------+-------+-------++-------
  Melee: Flail             |    88 |    91 |   200 ||   379
         Headbutt          |    13 |    16 |    39 ||    68
    Use: Scroll            |     2 |     3 |     5 ||    10
         Potion            |       |       |     2 ||     2
 Armour: Scale mail        |    18 |       |       ||    18
         Chain mail        |    62 |     5 |       ||    67
         Plate armour      |       |    57 |   197 ||   254
  Dodge: Dodged            |    24 |    21 |    59 ||   104
  Block: Buckler           |    24 |    24 |    87 ||   135
